 Dungeon Crawl Stone Soup version 0.24-a0-136-gad582e5 (webtiles) character file.

Game seed: 0

152707 XanderDroid the Executioner (level 17, -2/163 HPs)
             Began as a Minotaur Berserker on Feb 25, 2019.
             Was the Champion of Trog.
             Slain by the 27-headed Lernaean hydra (12 damage)
             ... on level 4 of the Swamp on Feb 28, 2019.
             The game lasted 02:00:21 (34018 turns).

XanderDroid the Executioner (Minotaur Berserker)   Turns: 34018, Time: 02:00:23

Health: -2/163     AC: 15    Str: 33    XL:     17   Next: 3%
Magic:  16/16      EV: 12    Int:  4    God:    Trog [******]
Gold:   716        SH:  0    Dex: 17    Spells: 16/16 levels left

rFire    . . .     SeeInvis +   a - +4 executioner's axe (drain)
rCold    . . .     Gourm    .   (shield currently unavailable)
rNeg     . . .     Faith    .   L - +1 ring mail of the Imp {rPois Str+4 Dex+4}
rPois    +         Spirit   .   D - +0 hat of Aropocli {*Drain MR++ Stlth+} (curse)
rElec    .         Reflect  .   l - scarf {repulsion}
rCorr    .         Harm     .   G - +2 pair of gloves {Str+3}
MR       ++++.                  k - +0 pair of boots
Stlth    ++........             s - amulet of regeneration
HPRegen  0.77/turn              f - ring of protection from magic
MPRegen  0.15/turn              K - ring of see invisible

@: repel missiles
A: retaliatory headbutt, horns 2
a: Berserk, Trog's Hand, Brothers in Arms, Renounce Religion


You were on level 4 of the Swamp.
You worshipped Trog.
Trog was exalted by your worship.
You were very hungry.

You visited 4 branches of the dungeon, and saw 27 of its levels.
You visited the Abyss 1 time.
You also visited: Ossuary and Ice Cave.

You collected 2643 gold pieces.
You spent 1927 gold pieces at shops.

Inventory:

Hand Weapons
 a - a +4 executioner's axe of draining (weapon)
 b - a +4 broad axe of flaming
 d - a +6 antimagic hand axe
Missiles
 i - 4 throwing nets (quivered)
Armour
 k - a +0 pair of boots (worn)
 l - a scarf of repulsion (worn)
 y - a +2 plate armour of fire resistance
 D - the cursed +0 hat of Aropocli (worn) {*Drain MR++ Stlth+}
   (You found it in an ice cave)

   It affects your resistance to hostile enchantments.
   It causes draining when unequipped.
   It makes you more stealthy.
   It has a curse placed upon it.
 G - a +2 pair of gloves of strength (worn)
 H - a +2 plate armour of cold resistance
 L - the +1 ring mail of the Imp (worn) {rPois Str+4 Dex+4}
   (You took it off a big kobold on level 14 of the Dungeon)

   It affects your strength (+4).
   It affects your dexterity (+4).
   It protects you from poison.
Jewellery
 f - a ring of protection from magic (left hand)
 s - an amulet of regeneration (around neck)
 K - a ring of see invisible (right hand)
 M - an uncursed ring of protection from fire
Wands
 z - a wand of disintegration (57)
 C - a wand of iceblast (26)
Scrolls
 e - 3 scrolls of enchant armour
 g - 4 scrolls of magic mapping
 j - 6 scrolls of immolation
 m - 10 scrolls of teleportation
 n - 8 scrolls of identify
 p - 4 scrolls of enchant weapon
 t - 3 scrolls of blinking
 u - a scroll of vulnerability {unknown}
 x - 14 scrolls of remove curse
 B - a scroll of silence {unknown}
 E - a scroll of summoning {unknown}
 F - 2 scrolls of holy word
 N - a scroll of acquirement {unknown}
Potions
 h - 6 potions of lignification
 o - 4 potions of heal wounds
 q - a potion of resistance
 r - 6 potions of mutation
 v - 3 potions of ambrosia
 w - 3 potions of curing
 A - 3 potions of flight
 I - 2 potions of haste
 J - a potion of cancellation
Comestibles
 c - 38 rations


   Skills:
 + Level 17.9 Fighting
 * Level 23.6 Axes
 + Level 17.8 Armour
 - Level 2.1 Dodging


You had 16 spell levels left.
You didn't know any spells.
Your spell library was empty.

Dungeon Overview and Level Annotations

Branches:
Dungeon (15/15)            Temple (0/1) D:5            Lair (6/6) D:9
  Swamp (4/4) Lair:3       Spider (0/4) Lair:4        Slime (0/5) Lair:5
    Orc (2/2) D:11            Elf (0/3) Orc:2        Vaults (0/5) D:13
 Depths (0/5) D:15

Altars:
Cheibriados
Dithmenos
Elyvilon
Fedhas
Hepliaklqana
Kikubaaqudgha
Nemelex Xobeh
Qazlal
Ru
Uskayaw
Jiyva

Shops:
D:5 ?   D:6 *[   D:11 [   Orc:2 (=*=:

Annotations:
Swamp:1 2 transporters, Nr616's ghost, adept MiGl
Swamp:4 Lernaean hydra


Innate Abilities, Weirdness & Mutations

You reflexively headbutt those who attack you in melee.
You have a pair of horns on your head.


Message History

The 27-headed Lernaean hydra bites you but does no damage.
The 27-headed Lernaean hydra bites you.
The 27-headed Lernaean hydra bites you but does no damage.
The 27-headed Lernaean hydra bites you. x2
The 27-headed Lernaean hydra barely misses you.
The 27-headed Lernaean hydra bites you. The 27-headed Lernaean hydra bites you!
* * * LOW HITPOINT WARNING * * *
The 27-headed Lernaean hydra bites you.
* * * LOW HITPOINT WARNING * * *
The 27-headed Lernaean hydra bites you!
* * * LOW HITPOINT WARNING * * *
The 27-headed Lernaean hydra bites you.
* * * LOW HITPOINT WARNING * * *
The 27-headed Lernaean hydra bites you.
* * * LOW HITPOINT WARNING * * *
The 27-headed Lernaean hydra bites you but does no damage.
The 27-headed Lernaean hydra bites you!
* * * LOW HITPOINT WARNING * * *
The 27-headed Lernaean hydra bites you!
You die...

♣♣..♣♣♣♣♣♣
♣.≈≈.≈≈≈<♣
♣.≈≈≈..≈.♣
..≈≈≈.♣♣♣♣ ♣♣♣♣♣
.≈≈≈≈≈♣♣ ♣≈.≈♣
.≈≈≈≈.≈♣♣♣ ♣♣.≈♣♣
≈≈≈≈≈.♣≈≈♣♣♣...≈♣♣
≈≈.≈≈≈§≈.≈♣≈.≈≈≈≈♣
≈♣♣≈≈≈♣≈≈.[≈≈≈≈D@♣
....≈≈♣/≈≈.≈≈≈≈.♣♣
.≈≈≈..♣♣♣..≈♣♣♣♣♣
♣.≈≈≈≈♣♣...≈♣♣♣♣♣
♣≈≈≈≈♣♣...†≈♣♣.≈♣
♣♣♣♣♣♣♣≈≈..≈..≈≈♣♣
♣.≈≈...§.≈.♣ ***
♣♣♣♣≈.♣♣.≈♣♣
***,*** ♣....♣♣♣


You could see the 27-headed Lernaean hydra.

Vanquished Creatures
  Bai Suzhen (Swamp:3)
  A thorn hunter (Swamp:3)
  Kirke (Lair:4)
  A very ugly thing (D:12)
  Louise (D:14)
  4 dire elephants (Lair:6)
  The ghost of Wired the Grappler, a journeyman TrMo of Makhleb (Lair:3)
  A minotaur (Lair:3)
  Snorg (Lair:4)
  An ettin (D:11)
  Erolcha (Orc:2)
  Harold (D:9)
  Fannar (D:11)
  A vault guard (D:13)
  5 shambling mangroves
  2 catoblepae
  2 ice dragons (D:15)
  11 hydras
  4 centaur warriors
  Erica (D:10)
  An anaconda (Lair:6)
  3 death knights
  2 two-headed ogres
  9 alligators
  29 death yaks
  2 thrashing horrors (Abyss:4)
  A spriggan berserker (Swamp:3)
  Urug (Orc:1)
  An orc high priest (Orc:1)
  Nergalle (D:11)
  Sonja (Lair:2)
  8 spriggans
  A deep elf knight (Swamp:3)
  6 swamp dragons
  An unseen horror (D:14)
  4 spriggan druids
  A shadow wraith (D:13)
  2 wizards (D:12)
  A lindwurm (Lair:6)
  A lindwurm (shapeshifter) (D:13)
  A necromancer (IceCv)
  An oklob plant (Lair:1)
  6 orc knights
  6 cyclopes
  2 deep elf magi
  11 ugly things
  4 elephants (Lair:6)
  4 black mambas
  Joseph (D:9)
  Maurice (D:8)
  An ice statue (IceCv)
  6 kobold demonologists
  13 spiny frogs
  A yaktaur (shapeshifter) (D:15)
  A rime drake (Lair:3)
  An efreet (D:15)
  11 freezing wraiths
  6 komodo dragons
  A jumping spider (Lair:4)
  5 tyrant leeches
  10 trolls
  17 hornets
  16 blink frogs
  4 bog bodies
  11 hippogriffs
  4 slime creatures (Swamp:1)
  2 redbacks (Lair:4)
  9 wraiths
  3 shadows
  7 wyverns
  A human (D:7)
  53 yaks
  4 basilisks
  4 hogs
  9 vampire mosquitoes
  2 hungry ghosts
  An acid dragon (D:14)
  4 insubstantial wisps (Swamp:1)
  6 wargs
  17 swamp worms
  8 water moccasins
  Duvessa (D:5)
  9 porcupines
  18 ice beasts
  A hornet zombie (D:10)
  6 sky beasts
  A black bear (D:10)
  5 swamp drakes
  An alligator simulacrum (IceCv)
  An eye of draining (D:15)
  2 phantoms
  A black bear (shapeshifter) (D:13)
  2 necrophages
  36 orc warriors
  13 ogres
  9 wolves
  17 centaurs
  12 crocodiles
  13 big kobolds
  17 bullfrogs
  Blork the orc (D:5)
  A small abomination (Abyss:4)
  Dowan (D:5)
  2 hornet simulacra (D:15)
  4 scorpions
  8 killer bees
  9 wights
  2 electric eels (Lair:3)
  A howler monkey (D:5)
  A bullfrog zombie (D:5)
  5 centaur zombies
  5 crimson imps
  3 draconian simulacra (IceCv)
  7 centaur skeletons
  9 jellies
  11 orc priests
  10 hounds
  5 iguanas
  14 orc wizards
  5 bullfrog skeletons
  2 human zombies (Ossuary)
  Natasha (thrice) (D:2)
  2 polar bear simulacra (IceCv)
  A spriggan simulacrum (IceCv)
  9 worker ants
  Ijyb (D:5)
  5 troll simulacra (IceCv)
  A killer bee zombie (D:5)
  A wolf simulacrum (IceCv)
  4 centaur simulacra (IceCv)
  A big kobold zombie (Ossuary)
  A hound zombie (D:5)
  4 mummies (Ossuary)
  2 worker ant zombies
  4 gnolls (D:5)
  4 naga simulacra (IceCv)
  3 ogre simulacra (IceCv)
  15 adders
  5 shadow imps
  12 white imps (IceCv)
  5 oozes
  An adder zombie (D:6)
  4 worms
  3 dart slugs
  5 leopard geckos
  91 orcs
  7 bats
  4 giant cockroaches
  11 goblins
  9 hobgoblins
  5 jackals
  5 quokkas
  A ball python (D:4)
  4 frilled lizards
  A hobgoblin zombie (Ossuary)
  A jackal skeleton (D:7)
  27 kobolds
  2 orc zombies (Ossuary)
  A quokka skeleton (D:4)
  3 rats
  3 fungi (Lair:5)
  9 plants (Lair:6)
944 creatures vanquished.

Vanquished Creatures (others)
  An alligator (Swamp:1)
  A human (Lair:5)
  A centaur (D:15)
  An orc priest (Orc:2)
  3 orcs (Orc:2)
  16 fungi
  6 plants
29 creatures vanquished.

Grand Total: 973 creatures vanquished

Notes
Turn   | Place    | Note
-------+----------+-------------------------------------------
     0 | D:1      | XanderDroid the Minotaur Berserker began the quest for the
                  | Orb.
     0 | D:1      | Reached XP level 1. HP: 19/19 MP: 0/0
    38 | D:1      | Reached skill level 4 in Axes
    54 | D:1      | Reached XP level 2. HP: 23/27 MP: 1/1
   226 | D:1      | Reached XP level 3. HP: 26/33 MP: 2/2
   274 | D:1      | Reached ** piety under Trog
   855 | D:2      | Noticed Natasha
   862 | D:2      | Killed Natasha
   862 | D:2      | Reached skill level 5 in Axes
   862 | D:2      | Reached XP level 4. HP: 30/41 MP: 3/3
  1057 | D:2      | Noticed Natasha
  1068 | D:2      | Killed Natasha
  1250 | D:2      | Reached XP level 5. HP: 38/47 MP: 4/4
  1654 | D:2      | Noticed Natasha
  1658 | D:2      | Killed Natasha
  2029 | D:3      | Reached skill level 6 in Axes
  2030 | D:3      | Found a hazy altar of Hepliaklqana.
  2042 | D:3      | Found a white marble altar of Elyvilon.
  2193 | D:3      | Reached skill level 5 in Fighting
  2251 | D:3      | Reached *** piety under Trog
  2631 | D:4      | Found a hide-covered altar of Uskayaw.
  2692 | D:4      | Noticed a phantom
  2739 | D:4      | Killed a phantom
  2739 | D:4      | Reached XP level 6. HP: 53/56 MP: 5/5
  2883 | D:4      | Received a gift from Trog
  3070 | D:4      | Reached skill level 7 in Axes
  3249 | D:5      | Entered Level 5 of the Dungeon
  3296 | D:5      | Reached skill level 5 in Armour
  3304 | D:5      | Reached XP level 7. HP: 51/62 MP: 6/6
  3413 | D:5      | Found a staircase to the Ecumenical Temple.
  3427 | D:5      | Reached skill level 8 in Axes
  3453 | D:5      | Found Caseet's Magic Scroll Boutique.
  3501 | D:5      | Bought a scroll of immolation for 49 gold pieces
  3501 | D:5      | Bought a scroll of identify for 28 gold pieces
  3501 | D:5      | Bought a scroll of identify for 28 gold pieces
  3588 | D:5      | Found a stormy altar of Qazlal.
  3591 | D:5      | Noticed Ijyb
  3604 | D:5      | Reached XP level 8. HP: 71/71 MP: 7/7
  3605 | D:5      | Killed Ijyb
  3675 | D:5      | Reached skill level 9 in Axes
  3678 | D:5      | Noticed Blork the orc
  3686 | D:5      | Killed Blork the orc
  3865 | D:5      | Noticed Dowan
  3874 | D:5      | Killed Dowan
  4033 | D:5      | Noticed Duvessa
  4042 | D:5      | Killed Duvessa
  4060 | D:5      | Bought a scroll of teleportation for 42 gold pieces
  4140 | D:6      | Found Innin's General Store.
  4183 | D:6      | Reached skill level 10 in Axes
  4531 | D:6      | Reached **** piety under Trog
  4549 | D:6      | Found a sand-covered staircase.
  4553 | Ossuary  | Entered an ossuary
  4626 | Ossuary  | Reached XP level 9. HP: 73/81 MP: 8/8
  5225 | D:6      | Found Mumir's Armour Emporium.
  5234 | D:6      | Bought a +0 pair of gloves for 54 gold pieces
  5278 | D:6      | Got a polished flail
  5280 | D:6      | Identified the +5 flail "Bummeifo" {flame, *Noise rN+
                  | Dex+3} (You found it on level 6 of the Dungeon)
  5298 | D:6      | Reached skill level 11 in Axes
  5573 | D:7      | Found a snail-covered altar of Cheibriados.
  5735 | D:7      | Reached skill level 12 in Axes
  6255 | D:8      | Found a sparkling altar of Nemelex Xobeh.
  6350 | D:8      | Noticed Maurice
  6566 | D:8      | Found a shadowy altar of Dithmenos.
  6691 | D:8      | Killed Maurice
  6691 | D:8      | Reached XP level 10. HP: 88/91 MP: 9/9
  6980 | D:9      | Noticed a rust devil
  6981 | D:9      | Reached ***** piety under Trog
  6981 | D:9      | Reached skill level 13 in Axes
  7007 | D:9      | Found a staircase to the Lair.
  7022 | D:9      | Noticed Joseph
  7023 | D:9      | Reached skill level 10 in Fighting
  7044 | D:9      | Killed Joseph
  7172 | D:9      | Noticed Harold
  7179 | D:9      | Killed Harold
  7179 | D:9      | Reached skill level 10 in Armour
  7218 | D:9      | Reached skill level 14 in Axes
  7280 | D:9      | Received a gift from Trog
  7484 | D:9      | Found a blossoming altar of Fedhas.
  7486 | D:9      | Found an ancient bone altar of Kikubaaqudgha.
  7647 | D:10     | Entered Level 10 of the Dungeon
  7867 | D:10     | Reached XP level 11. HP: 77/101 MP: 10/10
  8454 | D:10     | Found a sacrificial altar of Ru.
  8630 | D:11     | Found Ephiocra's Antique Armour Emporium.
  8821 | D:11     | Noticed Erica
  8821 | D:11     | Noticed Fannar
  8848 | D:10     | Killed Erica
  8928 | D:11     | Reached skill level 15 in Axes
  8942 | D:11     | Noticed a five-headed hydra
  9020 | D:11     | Killed a one-headed hydra
  9031 | D:11     | Received a gift from Trog
  9237 | D:11     | Found a staircase to the Orcish Mines.
  9627 | D:11     | Killed Fannar
  9706 | D:11     | Bought a pair of runed gloves for 217 gold pieces
  9838 | D:9      | Upgraded the game from 0.24-a0-127-gfc1eed5 to
                  | 0.24-a0-130-ga3c21ff
  9839 | Lair:1   | Entered Level 1 of the Lair of Beasts
  9839 | Lair:1   | Noticed an oklob plant
  9946 | Lair:1   | Found a frozen archway.
  9954 | Lair:1   | Reached XP level 12. HP: 112/112 MP: 11/11
  9956 | Lair:1   | Reached skill level 16 in Axes
  9996 | IceCv    | Entered an ice cave
 10063 | IceCv    | Upgraded the game from 0.24-a0-130-ga3c21ff to
                  | 0.24-a0-132-ge4b1dce
 10506 | IceCv    | Found an ancient bone altar of Kikubaaqudgha.
 10526 | IceCv    | Reached ****** piety under Trog
 10658 | IceCv    | Received a gift from Trog
 11711 | IceCv    | Got a twisted hat
 11716 | IceCv    | Identified the cursed +0 hat of Aropocli {*Drain MR++
                  | Stlth+} (You found it in an ice cave)
 12335 | Lair:1   | Reached skill level 17 in Axes
 12661 | Lair:2   | Noticed Sonja
 13401 | Lair:2   | Killed Sonja
 14505 | Lair:3   | Noticed a death yak
 14505 | Lair:3   | Noticed a death yak
 14505 | Lair:3   | Noticed a death yak
 14517 | Lair:2   | Killed a death yak
 14519 | Lair:2   | Killed a death yak
 14665 | Lair:3   | Killed a death yak
 14994 | Lair:3   | Reached XP level 13. HP: 84/122 MP: 12/12
 14995 | Lair:3   | Found a gate leading to a gauntlet.
 15045 | Lair:3   | Found a staircase to the Swamp.
 15601 | Lair:3   | Reached skill level 18 in Axes
 15656 | Lair:3   | Noticed a minotaur
 15665 | Lair:3   | Noticed Wired's ghost (journeyman TrMo)
 15731 | Lair:3   | Found a runed translucent gate.
 15732 | Lair:3   | Found a runed translucent gate.
 15732 | Lair:3   | Found a runed translucent gate.
 16148 | Lair:4   | Received a gift from Trog
 16174 | Lair:4   | Noticed Snorg
 16191 | Lair:4   | Killed Snorg
 16756 | Lair:4   | Found a hole to the Spider Nest.
 17191 | Lair:5   | Found a staircase to the Slime Pits.
 17191 | Lair:5   | Found a viscous altar of Jiyva.
 17210 | Lair:5   | Noticed Kirke
 17231 | Lair:4   | Killed Kirke
 17692 | Lair:5   | Reached skill level 19 in Axes
 17844 | Lair:5   | Reached XP level 14. HP: 117/133 MP: 13/13
 18171 | Lair:6   | Entered Level 6 of the Lair of Beasts
 18791 | Lair:6   | Received a gift from Trog
 19039 | Lair:6   | Reached skill level 15 in Fighting
 19222 | Lair:6   | Reached skill level 20 in Axes
 19260 | Lair:6   | Reached skill level 15 in Armour
 21140 | Orc:1    | Entered Level 1 of the Orcish Mines
 21343 | Orc:1    | Noticed Nergalle
 21450 | D:11     | Killed Nergalle
 21737 | Orc:2    | Entered Level 2 of the Orcish Mines
 22051 | D:6      | Bought a +2 plate armour of fire resistance for 480 gold
                  | pieces
 22750 | Orc:1    | Reached XP level 15. HP: 110/143 MP: 14/14
 23216 | Orc:2    | Found a staircase to the Elven Halls.
 23300 | Orc:2    | Noticed Erolcha
 23309 | Orc:2    | Killed Erolcha
 23359 | Orc:2    | Received a gift from Trog
 23443 | Orc:2    | Found Huiq's Book Shop.
 23726 | Orc:1    | Noticed Urug
 23891 | Orc:2    | Reached skill level 21 in Axes
 23951 | Orc:1    | Killed Urug
 24398 | Orc:2    | Found Caawkem's Assorted Antiques.
 24398 | Orc:2    | Found Xobb's Jewellery Shop.
 24400 | Orc:2    | Found Pafuu's Weapon Boutique.
 24402 | Orc:2    | Found Qipsaff's Jewellery Emporium.
 24426 | Orc:2    | Bought an uncursed ring of see invisible for 195 gold
                  | pieces
 24460 | Orc:2    | Bought a scroll labeled HUDDID VUISO for 25 gold pieces
 24486 | Orc:2    | Bought an uncursed amulet of regeneration for 390 gold
                  | pieces
 24889 | D:12     | You fall through a shaft for 3 floors!
 24889 | D:15     | Entered Level 15 of the Dungeon
 26304 | D:13     | You fall through a shaft!
 26377 | D:13     | Found a gate to the Vaults.
 26821 | D:14     | Reached skill level 22 in Axes
 26886 | D:14     | Noticed Louise
 26917 | D:14     | Killed Louise
 26986 | D:14     | Identified the +1 ring mail of the Imp {rPois Str+4 Dex+4}
 26991 | D:14     | Received a gift from Trog
 26995 | D:14     | Got a twisted battleaxe {god gift}
 27050 | D:14     | Identified the +8 battleaxe "Ukayriew" {freeze, MR+ Dex+9}
                  | (Trog gifted it to you on level 14 of the Dungeon)
 27633 | D:15     | Reached XP level 16. HP: 153/154 MP: 15/15
 28101 | D:15     | Found a staircase to the Depths.
 28496 | D:6      | Bought a scroll of immolation for 38 gold pieces
 28496 | D:6      | Bought a potion of haste for 110 gold pieces
 28496 | D:6      | Bought a scroll of enchant weapon for 82 gold pieces
 28521 | D:5      | Bought a scroll of remove curse for 42 gold pieces
 28521 | D:5      | Bought a scroll of remove curse for 42 gold pieces
 28521 | D:5      | Bought a scroll of enchant weapon for 105 gold pieces
 28729 | Lair:3   | Killed Wired's ghost
 28849 | Swamp:1  | Entered Level 1 of the Swamp
 29040 | Swamp:1  | Received a gift from Trog
 29763 | Swamp:1  | Found a transporter.
 29765 | Swamp:1  | Noticed Nr616's ghost (adept MiGl)
 29879 | Swamp:1  | Found a transporter.
 31135 | Swamp:3  | Noticed a thorn hunter
 31204 | Swamp:3  | Killed a thorn hunter
 31204 | Swamp:3  | Reached skill level 23 in Axes
 31293 | Swamp:3  | Received a gift from Trog
 31440 | Swamp:3  | Cast into level 4 of the Abyss (a distortion unwield)
 31481 | Swamp:3  | Escaped the Abyss
 31827 | Swamp:3  | Noticed Bai Suzhen
 31993 | Swamp:3  | Killed Bai Suzhen
 33194 | Swamp:3  | Upgraded the game from 0.24-a0-132-ge4b1dce to
                  | 0.24-a0-136-gad582e5
 33195 | Swamp:4  | Entered Level 4 of the Swamp
 33576 | Swamp:3  | Reached XP level 17. HP: 108/163 MP: 16/16
 34009 | Swamp:4  | Noticed the 27-headed Lernaean hydra
 34018 | Swamp:4  | Slain by the 27-headed Lernaean hydra

Levels and vault maps discovered:
D:1:      erik_arrival_gehennom, layout_basic
D:2:      layout_basic, uniq_natasha
D:3:      cheibrodos_old_hovel, layout_basic, lemuel_crystal_altar,
          elyvilon_altar_5
D:4:      layout_basic, eat_drink_and_be_merry_uskayaw
D:5:      layout_rooms, minmay_temple_entry_waves, first_ration, serial_shops,
          nicolae_shop_trees, grunt_qazlal_sundering, uniq_blork_the_orc,
          uniq_ijyb, uniq_duvessa
D:6:      layout_loops_cross, enter_ossuary_5, serial_shops, shop, shop
D:7:      layout_cave_pools, lemuel_crystal_altar, grunt_livestock
D:8:      layout_loops_cross, lemuel_coloured_pillars_altar,
          nemelex_xobeh_ov_fountains_minmay, supply_closet_lemuel,
          kennysheep_generic_room_11, uniq_maurice
D:9:      wad_pebble_path, layout_basic, grunt_temple_overflow_growth_and_decay,
          lair_entry_dummy, special_room [special_room_kobold], uniq_joseph,
          uniq_harold
D:10:     layout_rooms, chequers_serial_rivers_small_b, nicolae_ru_awakened_eye
D:11:     minmay_spotlight, layout_loops_ring, hiddenorc1_lemuel, serial_shops,
          nicolae_shop_statue_plus, uniq_erica, uniq_fannar
D:12:     cheibrodos_breeding_chamber, layout_basic, minmay_puff
D:13:     layout_big_octagon, david_vaults_4
D:14:     layout_rooms, kennysheep_doodads, corexii_hall_statues_i, uniq_louise
D:15:     grunt_enter_depths_hoard, layout_basic, nrook_campfire
Lair:1:   layout_chaotic_city, portal_ice_cave_entry_ice_beasts,
          dpeg_stationary_puzzle
Lair:2:   beast_lair_carwin_large_3, layout_small_grid,
          small_statue_intersection, minmay_stone_trees_large, uniq_sonja
Lair:3:   layout_long_grid, minmay_swamp_entry_worms, gauntlet_entry_generic,
          maelrawn_ghost_gauntlet_escape, disabler_island, grunt_megastairs_3,
          serial_bayou_shore_b, lemuel_fruit_tree
Lair:4:   layout_cave_pods, spider_nest_entry_a, uniq_snorg
Lair:5:   layout_misc_corridors, slime_altar_1, uniq_kirke
Lair:6:   due_jungle_book, layout_concentric_octagons, serial_bayou_shore_b
Swamp:1:  layout_falls_marsh, gammafunk_ghost_arena, nicolae_swamp_triple_paths
Swamp:2:  layout_basic_swamp, evilmike_swamp_ruin_rubble_2, swamp_pool1
Swamp:3:  cheibrodos_swamp_heart_of_darkness, layout_basic_swamp,
          nicolae_swamp_fairy_circle, uniq_bai_suzhen
Swamp:4:  swamp_basic_johnstein, layout_basic_swamp
Orc:1:    layout_caves, uniq_nergalle, uniq_urug
Orc:2:    st_orc_rangers, layout_caves, serial_shops, nicolae_shop_behind_doors,
          uniq_erolcha
Abyss:4:  evilmike_abyss_exit_1, nicolae_abyss_rune_star_stuff, minivault_28
Ossuary:  ossuary_crypta
IceCv:    ice_cave_small_necro

Skill      XL: |  1  2  3  4  5  6  7  8  9 10 11 12 13 14 15 16 |
---------------+-------------------------------------------------+-----
Axes           | 4 5 6 7 8 10 12 14 15 17 19 20 22 23 | 23.6
Fighting       | 4 5 6 7 9 10 12 13 14 15 16 17 | 17.9
Armour         | 3 4 5 6 7 9 10 11 13 14 15 16 17 | 17.8
Dodging        | |  2.1

Action                   |  1- 3 |  4- 6 |  7- 9 | 10-12 | 13-15 | 16-18 || total
-------------------------+-------+-------+-------+-------+-------+-------++-------
Melee: Hand axe          |    55 |   173 |   212 |       |       |       ||   440
       Headbutt          |    13 |    18 |    83 |   104 |   203 |    96 ||   517
       Battleaxe         |       |       |    86 |   393 |       |       ||   479
       War axe           |       |       |    22 |       |       |       ||    22
       Broad axe         |       |       |       |     4 |    12 |    19 ||    35
       Executioner's axe |       |       |       |   116 |   817 |   403 ||  1336
Invok: Berserk           |       |       |     3 |     4 |     2 |     2 ||    11
Evoke: Wand              |       |       |       |     3 |     6 |       ||     9
  Use: Scroll            |       |     8 |    13 |     5 |     9 |     4 ||    39
       Potion            |       |       |       |     2 |     1 |     2 ||     5
 Stab: Sleeping          |     1 |       |       |       |       |       ||     1
  Eat: Chunk             |       |     7 |    14 |    15 |    32 |    12 ||    80
       Ration            |       |       |     2 |     5 |     3 |     3 ||    13
Armor: Animal skin       |     6 |       |       |       |       |       ||     6
       Leather armour    |     3 |    21 |       |       |       |       ||    24
       Chain mail        |       |    63 |   114 |    92 |       |       ||   269
       Plate armour      |       |       |       |   193 |   629 |   360 ||  1182
       Ring mail         |       |       |       |       |       |    15 ||    15
Dodge: Dodged            |    25 |    81 |   116 |   334 |   457 |   250 ||  1263
       Deflected         |       |     1 |     5 |    24 |    79 |    20 ||   129

Table legend:
 A = Non-vault XP
 B = Vault XP
 C = Vault XP percentage of total XP
 D = Non-vault monster count
 E = Vault monster count
 F = Vault count percentage of total count
                 A         B        C        D         E       F
            +---------+---------+-------+---------+---------+-------
      Total |  151103 |   67051 |  30.7 |     683 |     253 |  27.0
            +---------+---------+-------+---------+---------+-------
        D:1 |      49 |      18 |  26.9 |      23 |       5 |  17.9
        D:2 |     138 |      35 |  20.2 |      19 |       1 |   5.0
        D:3 |     122 |       1 |   0.8 |      25 |       1 |   3.8
        D:4 |     281 |       0 |   0.0 |      15 |       0 |   0.0
        D:5 |    1178 |     338 |  22.3 |      25 |       4 |  13.8
        D:6 |    1006 |       0 |   0.0 |      20 |       0 |   0.0
        D:7 |     806 |     987 |  55.0 |      20 |       5 |  20.0
        D:8 |     199 |     573 |  74.2 |       5 |       2 |  28.6
        D:9 |    1967 |    2727 |  58.1 |      30 |      20 |  40.0
       D:10 |    2799 |     206 |   6.9 |      44 |       1 |   2.2
       D:11 |    6921 |    3302 |  32.3 |      55 |      25 |  31.2
       D:12 |    7244 |    7954 |  52.3 |      28 |      15 |  34.9
       D:13 |    4353 |    3755 |  46.3 |      24 |       6 |  20.0
       D:14 |   11451 |    1506 |  11.6 |      38 |       1 |   2.6
       D:15 |   10882 |    1970 |  15.3 |      40 |       2 |   4.8
     Lair:1 |    2134 |    1736 |  44.9 |      11 |      11 |  50.0
     Lair:2 |    2845 |    1603 |  36.0 |       7 |       9 |  56.2
     Lair:3 |    7222 |    4241 |  37.0 |      26 |      10 |  27.8
     Lair:4 |    4098 |    4061 |  49.8 |      17 |       5 |  22.7
     Lair:5 |   20810 |     207 |   1.0 |      43 |       1 |   2.3
     Lair:6 |   19290 |    2822 |  12.8 |      38 |       5 |  11.6
    Swamp:1 |   11807 |       0 |   0.0 |      30 |       0 |   0.0
    Swamp:2 |   10776 |       0 |   0.0 |      27 |       0 |   0.0
    Swamp:3 |   15353 |   12792 |  45.5 |      35 |      11 |  23.9
    Swamp:4 |     759 |    1944 |  71.9 |       1 |       5 |  83.3
      Orc:1 |    3218 |    4394 |  57.7 |      23 |      25 |  52.1
      Orc:2 |    1631 |    3393 |  67.5 |      11 |      17 |  60.7
    Abyss:4 |    1764 |       0 |   0.0 |       3 |       0 |   0.0
    Ossuary |       0 |     272 | 100.0 |       0 |      12 | 100.0
      IceCv |       0 |    6214 | 100.0 |       0 |      54 | 100.0
            +---------+---------+-------+---------+---------+-------
